 Dungeon Crawl Stone Soup version 0.28-a0-697-g47f3eba078 (webtiles) character file.

Game seed: 1033185251874553354

22 RepHenryClay the Chopper (level 2, 0/28 HPs)
             Began as a Naga Fighter on Oct 23, 2021.
             Slain by a goblin (1 damage)
             ... on level 1 of the Dungeon.
             The game lasted 00:00:46 (1201 turns).

RepHenryClay the Chopper (Naga Fighter)             Turns: 1201, Time: 00:00:47

Health: 0/28       AC:  4    Str: 18    XL:     2   Next: 91%
Magic:  2/2        EV:  7    Int:  8    God:
Gold:   53         SH:  4    Dex: 10    Spells: 1/1 levels left

rFire   . . .      SeeInvis +   a - +0 war axe
rCold   . . .      Faith    .   c - +0 buckler
rNeg    . . .      Spirit   .   b - +0 scale mail
rPois   +          Reflect  .   (no helmet)
rElec   .          Harm     .   (no cloak)
rCorr   .          Rampage  .   (no gloves)
Will    .....                   (no barding)
Stlth   ..........              (no amulet)
HPRegen 0.09/turn               (no ring)
MPRegen 0.08/turn               (no ring)

@: short of breath, very slow
A: AC +0, large, see invisible, deformed body, poison resistance, slowness 2,
spit poison 1, naga tail 1
a: Spit Poison


You were on level 1 of the Dungeon.
You visited 1 branch of the dungeon, and saw 2 of its levels.

You collected 53 gold pieces.

Inventory:

Hand Weapons
 a - a +0 war axe (weapon)
Armour
 b - a +0 scale mail (worn)
 c - a +0 buckler (worn)
Scrolls
 e - a scroll of noise {unknown}
 f - a scroll of teleportation {unknown}
Potions
 d - a potion of might


   Skills:
 - Level 3.0 Fighting
 + Level 3.3 Axes
 - Level 2.4 Armour
 - Level 2.4 Shields


You had one spell level left.
You didn't know any spells.
Your spell library was empty.

Dungeon Overview and Level Annotations

Branches:
Dungeon (2/15)

Altars:

Annotations:
D:1 Ijyb
D:2 Terence


Innate Abilities, Weirdness & Mutations

Your serpentine skin is tough. (AC +0)
You have supernaturally acute eyesight. (SInv)
Armour fits poorly on your strangely shaped body.
Your system is resistant to poisons. (rPois)
You cover ground very slowly.
You can spit poison.
You have a snake-like lower body.


Message History

The goblin hits you with a +2 dagger of venom.
Damage: -4%(-1hp) hp: 86%(24hp)
You closely miss the goblin. You barely miss the rat.
The goblin hits you with a +2 dagger of venom.
The rat bites you but does no damage. Ijyb hits you with a +0 club.
Huge Dmg: -21%(-6hp) hp: 65%(18hp)
The goblin hits you but does no damage.
Terence shouts, "DIE!!!"
The rat bites you but does no damage. Ijyb hits you with a +0 club.
You climb upwards.
There is a stone staircase leading down here.
Huge Dmg: -22%(-6hp) hp: 43%(12hp)
Okay, then.
Press: ? - help, Shift-Dir - straight line, f - Ijyb
Aim: Ijyb, wielding a +0 club, wearing a +0 leather armour and carrying a wand of iceblast (9)
The splash of poison misses Ijyb.
You block the goblin's attack. The rat bites you.
* * * LOW HITPOINT WARNING * * *
Ijyb closely misses you.
Damage: -3%(-1hp) hp: 40%(11hp) Unknown command.
Okay, then.
You hit Ijyb.
Ijyb is lightly wounded.
You slash the rat!
You kill the rat!
You closely miss the goblin. The goblin barely misses you.
Ijyb hits you with a +0 club.
* * * LOW HITPOINT WARNING * * *
The goblin hits you with a +2 dagger of venom.
* * * LOW HITPOINT WARNING * * *
Huge Dmg: -22%(-6hp) hp: 18%(5hp)
Okay, then.
Unknown command.
You slash Ijyb!
Ijyb is heavily wounded.
You barely miss the goblin. Ijyb hits you with a +0 club.
* * * LOW HITPOINT WARNING * * *
The goblin hits you with a +2 dagger of venom.
You die...

#.#####'###.# #.#.#
#####'#......##.# #.#.#
##............##.# #.#.#
##............##.# #.#.#
##............##.# #.#.#
######'#......##.#####.#.# #
#.#####+#...........########## #
#.# #.#.#.#####.#...........
#.#####.#.#.@g......##########
#.#.......#g#####...#.....#...
#.#.###†#.................#.##
#.#.#.#.#.#####.....#.#####.#.
#.#.#.#.#+#...'.............#.
#.#...#.......#...#.#.#.......
######.###.#..>....#...#.#.#.#####.
...................#...#.#.#.# #.
......####.##......#####.#.#.# #.


You could see Ijyb and a goblin.

Vanquished Creatures
  A dart slug (D:1)
  2 giant cockroaches
  4 goblins
  2 hobgoblins
  2 quokkas (D:1)
  2 ball pythons
  A bat (D:1)
  A frilled lizard (D:1)
  2 kobolds (D:1)
  3 rats (D:1)
20 creatures vanquished.

Notes
Turn   | Place    | Note
-------+----------+-------------------------------------------
     0 | D:1      | RepHenryClay the Naga Fighter began the quest for the Orb.
     0 | D:1      | Reached XP level 1. HP: 21/21 MP: 1/1
   515 | D:1      | Found a faded altar of an unknown god.
   589 | D:1      | Reached XP level 2. HP: 25/28 MP: 2/2
  1191 | D:2      | Noticed Ijyb
  1194 | D:2      | Noticed Terence
  1201 | D:1      | HP: 1/28 [Ijyb (4)]
  1201 | D:1      | Slain by a goblin

Illustrated notes

Levels and vault maps discovered:
D:1:      tarquinn_simple_flora_water_e, layout_basic,
          chequers_ecumenical_altar_island, minmay_tree_intersection
D:2:      kennysheep_the_goblin_king, layout_rooms,
          ebering_dispersal_statue_hall, hangedman_glass_teeth, uniq_terence

Skill      XL: |  1  2 |
---------------+-------+-----
Axes           | 3 |  3.3
Fighting       | |  3.0
Armour         | |  2.4
Shields        | |  2.4

Action                   || total
-------------------------++-------
Melee: War axe           ||    39
 Abil: Spit Poison       ||     1
Armor: Scale mail        ||    14
Dodge: Dodged            ||    21
Block: Buckler           ||     7

Table legend: (Time is in decaauts)
 A = Elapsed time spent in this place.
 B = Non-inter-level travel time spent in this place.
 C = Inter-level travel time spent in this place.
 D = Time resting spent in this place.
 E = Time spent auto-exploring this place.
 F = Levels seen in this place.
 G = Mean time per level.
                   A        B        C        D        E       F      G
               +--------+--------+--------+--------+--------+-----+--------+
         Total |   1567 |   1538 |     29 |      0 |   1416 |   2 |  783.5 |
       Dungeon |   1567 |   1538 |     29 |      0 |   1416 |   2 |  783.5 |
               +--------+--------+--------+--------+--------+-----+--------+

Top non-repeatable levels by time:
     D:1: 1554 daAuts
     D:2: 13 daAuts
